 Dungeon Crawl Stone Soup version 0.32-a0-792-g3d70bf0 (webtiles) character file.

Game seed: 3742328838322715534

80 Dorkslayer the Trooper (level 4, -1/33 HPs)
             Began as an Octopode Fighter on Mar 20, 2024.
             Slain by a hobgoblin (2 damage)
             ... led by Robin
             ... on level 2 of the Dungeon.
             The game lasted 00:03:00 (1145 turns).

Dorkslayer the Trooper (Octopode Fighter)           Turns: 1145, Time: 00:03:01

Health: -1/33      AC:  1    Str: 17    XL:     4   Next: 39%
Magic:  4/4        EV: 12    Int: 10    God:
Gold:   100        SH:  5    Dex: 11    Spells: 3/3 levels left

rFire   . . .        d - +2 hand axe (heavy)
rCold   . . .        b - +1 buckler
rNeg    . . .        (helmet restricted)
rPois   .            (no amulet)
rElec   .            (no ring)
rCorr   .            (no ring)
SInv    .            (no ring)
Will    .....        (no ring)
Stlth   +++          (no ring)
HPRegen 0.25/turn    (no ring)
MPRegen 0.09/turn    (no ring)
                     (no ring)

%: no passive effects
@: no status effects
A: almost no armour, amphibious, 8 rings, camouflage 1, gelatinous body 1,
(nimble swimmer 1), tentacles
a: no special abilities


You were on level 2 of the Dungeon.
You visited 1 branch of the dungeon, and saw 2 of its levels.

You collected 100 gold pieces.

Inventory:

Hand Weapons
 a - a +0 war axe
 d - a +2 heavy hand axe (weapon)
Armour
 b - a +1 buckler (worn)
Talismans
 h - a serpent talisman
Wands
 i - a wand of mindburst (7)
Scrolls
 e - 2 scrolls of immolation {unknown}
 j - a scroll of identify {unknown}
Potions
 c - 2 potions of might
 f - a potion of attraction {unknown}
 g - a potion of brilliance {unknown}
 k - a potion of heal wounds {unknown}


   Skills:
 + Level 3.6 Fighting
 + Level 2.6 Axes
 + Level 3.4 Dodging
 + Level 1.6 Stealth
 + Level 3.3 Shields
 * Level 0.6 Evocations


You had 3 spell levels left.
You didn't know any spells.
Your spell library contained the following spells:

 Spells                   Type           Power      Damage    Failure   Level
 Inner Flame              Hex/Fire       0%         N/A       82%         3
 Irradiate                Conj/Alch      0%         3d11      100%        5
 Ignition                 Fire           0%         3d3       100%        8


Dungeon Overview and Level Annotations

Branches:
Dungeon (2/15)

Altars:

Annotations:
D:2 Robin


Innate Abilities, Weirdness & Mutations

You cannot wear most types of armour.
You are amphibious.
You can wear up to eight rings at the same time.
Your skin changes colour to match your surroundings (Stealth+).
Your rubbery body absorbs attacks. (AC +1, EV +1)
((You are camouflaged when in or above water. (Stealth+)))
You have tentacles for arms and can constrict up to eight enemies at once.


Message History

You kill the goblin!
You barely miss the hobgoblin.
You hear a shout!
A goblin comes into view. It is wielding a +0 dagger.
The hobgoblin hits you. Robin barely misses you.
You hit the hobgoblin.
You kill the hobgoblin!
You hit the hobgoblin.
Robin roars a battlecry!
The goblins go into a battle-frenzy!
Robin hits you from afar with a +0 spear.
The hobgoblin hits you! The goblin hits you with a +0 club.
Okay, then.
You slash the hobgoblin!
You kill the hobgoblin!
You slash the goblin!
You kill the goblin!
Robin hits you from afar with a +0 spear.
* * * LOW HITPOINT WARNING * * *
A kobold comes into view. It is wielding a +0 whip.
Robin hits you from afar with a +0 spear.
* * * LOW HITPOINT WARNING * * *
You slash the goblin!
You kill the goblin!
You hit the kobold.
You kill the kobold!
Robin closely misses you.
A frilled lizard comes into view.
The hobgoblin closely misses you.
You slash the hobgoblin!
You kill the hobgoblin!
Robin hits you from afar with a +0 spear.
* * * LOW HITPOINT WARNING * * *
Robin hits you from afar with a +0 spear.
* * * LOW HITPOINT WARNING * * *
Unknown command.
You hit the goblin.
You kill the goblin!
You hit the hobgoblin. Robin barely misses you. The hobgoblin hits you.
You die...

..##.......
ß......... #..
##....... .#..
#....... ....^
#....... #....
###.#### ##....
#.# # .....l###
#.# # ....grg@#
#.# #
.....g#g### #.#
# ..... #...##
#####.#### ....
###..#
#......... ...
##.####.........
..
#...##.........
.
###..#.........
##.#####.####
#.# #.......


You could see Robin, 3 hobgoblins, a frilled lizard and a rat.

Vanquished Creatures
  An adder (D:2)
  3 gnolls (D:2)
  A dart slug (D:2)
  5 endoplasms
  A giant cockroach (D:2)
  10 goblins
  5 hobgoblins
  6 kobolds
  A quokka (D:1)
  2 ball pythons
  2 bats
  2 rats (D:2)
39 creatures vanquished.

Notes
Turn   | Place    | Note
-------+----------+-------------------------------------------
     0 | D:1      | Dorkslayer the Octopode Fighter began the quest for the
                  | Orb.
     0 | D:1      | Reached XP level 1. HP: 16/16 MP: 1/1
   292 | D:1      | Reached XP level 2. HP: 21/21 MP: 2/2
   292 | D:1      | Found a faded altar of an unknown god.
   722 | D:2      | Reached XP level 3. HP: 22/26 MP: 3/3
   868 | D:2      | Reached skill level 1 in Stealth
  1015 | D:2      | Reached XP level 4. HP: 32/32 MP: 4/4
  1137 | D:2      | Noticed Robin
  1144 | D:2      | HP: 1/33 [Robin/+0 spear (2)]
  1145 | D:2      | Slain by a hobgoblin

Illustrated notes

Levels and vault maps discovered:
D:1:      dpeg_arrival_central, layout_basic, chequers_ecumenical_altar_simple
D:2:      layout_basic, serial_shops, nicolae_shop_statue_plus, uniq_robin

Skill      XL: |  1  2  3 |
---------------+----------+-----
Stealth        | 1 |  1.6
Fighting       | |  3.6
Axes           | |  2.6
Dodging        | |  3.4
Shields        | |  3.3
Evocations     | |  0.6

Action                     |  1- 3 |  4- 6 || total
---------------------------+-------+-------++-------
  Melee: War axe           |    23 |       ||    23
         Constrict         |    12 |     1 ||    13
         Tentacles         |     9 |       ||     9
         Hand axe          |    22 |    10 ||    32
    Use: Scroll            |     2 |       ||     2
   Stab: Sleeping          |     4 |       ||     4
 Armour: Skin              |    20 |    13 ||    33
  Dodge: Dodged            |    35 |     5 ||    40
  Block: Buckler           |     7 |     1 ||     8

Table legend: (Time is in decaauts)
 A = Elapsed time spent in this place.
 B = Non-inter-level travel time spent in this place.
 C = Inter-level travel time spent in this place.
 D = Time resting spent in this place.
 E = Time spent auto-exploring this place.
 F = Levels seen in this place.
 G = Mean time per level.
                   A        B        C        D        E       F      G
               +--------+--------+--------+--------+--------+-----+--------+
         Total |   1180 |   1180 |      0 |      0 |    652 |   2 |  590.0 |
       Dungeon |   1180 |   1180 |      0 |      0 |    652 |   2 |  590.0 |
               +--------+--------+--------+--------+--------+-----+--------+

Top non-repeatable levels by time:
     D:1: 662 daAuts
     D:2: 518 daAuts
